 Dungeon Crawl Stone Soup version 0.29.1-15-g9cfb28693d (webtiles) character file.

Game seed: 229321984888755899

4 Mickster the Trooper (level 1, -1/14 HPs)
             Began as a Gargoyle Berserker on May 2, 2023.
             Was a Follower of Trog.
             Slain by a kobold
             ... wielding a +0 club
              (2 damage)
             ... on level 1 of the Dungeon.
             The game lasted 00:01:36 (167 turns).

Mickster the Trooper (Gargoyle Berserker)            Turns: 167, Time: 00:01:36

Health: -1/14      AC:  4    Str: 20    XL:     1   Next: 60%
Magic:  1/1        EV: 11    Int:  7    God:    Trog [*.....]
Gold:   20         SH:  0    Dex:  9    Spells: 0/0 levels left

rFire   . . .      SeeInvis .   a - +0 hand axe
rCold   . . .      Faith    .   (no shield)
rNeg    + . .      Spirit   .   b - +0 animal skin
rPois   ∞          Reflect  .   (no helmet)
rElec   +          Harm     .   (no cloak)
rCorr   .          Rampage  .   (no gloves)
Will    .....                   (no boots)
Stlth   +.........              (no amulet)
HPRegen 0.04/turn               (no ring)
MPRegen 0.07/turn               (no ring)

@: no status effects
A: sickness immunity, AC +2, negative energy resistance 1, electricity
resistance, torment resistance 1, petrification resistance
a: Renounce Religion, Berserk


You were on level 1 of the Dungeon.
You worshipped Trog.
Trog was aware of your devotion.
You visited 1 branch of the dungeon, and saw 1 of its levels.

You collected 20 gold pieces.

Inventory:

Hand Weapons
 a - a +0 hand axe (weapon)
Armour
 b - a +0 animal skin (worn)
Scrolls
 c - a scroll of identify {unknown}


   Skills:
 + Level 3.4 Fighting
 + Level 2.8 Axes
 + Level 2.2 Armour
 + Level 1.6 Dodging


You couldn't memorise any spells.
You didn't know any spells.
Your spell library was empty.

Dungeon Overview and Level Annotations

Branches:
Dungeon (1/15)

Altars:


Innate Abilities, Weirdness & Mutations

You are immune to sickness and miasma.
Your stone body is resilient. (AC +2)
You are immune to poison.
You resist negative energy. (rN+)
You are resistant to electric shocks. (rElec)
You are resistant to unholy torment.
You are immune to petrification.


Message History

You hit the bush but do no damage. x2
Found 9 gold pieces.
Found a garnet ring.
You see here a ring of wizardry.
Found a scroll labelled FOOHESUBEWN.
Found an escape hatch in the floor.
c - a scroll labelled FOOHESUBEWN A ball python comes into view.
Found an encrusted wooden ring.
The ball python hisses angrily.
The ball python moves out of view.
Found a stone staircase leading down.
The ball python closely misses you. The ball python grabs you.
The ball python constricts you.
You barely miss the ball python. The ball python bites you.
The ball python constricts you.
You closely miss the ball python. The ball python bites you.
The ball python constricts you. The ball python bites you.
The ball python constricts you.
You hit the ball python.
You kill the ball python!
Trog accepts your kill.
An endoplasm comes into view.
The endoplasm quivers.
A kobold comes into view. It is wielding a +0 club.
Found 2 stones.
The kobold shouts!
The kobold hits you but does no damage.
You barely miss the kobold. You hit the endoplasm but do no damage.
The kobold hits you with a +0 club.
* * * LOW HITPOINT WARNING * * *
The endoplasm freezes you.
You are frozen.
* * * LOW HITPOINT WARNING * * *
The endoplasm closely misses you. The kobold barely misses you.
You hit the endoplasm.
The endoplasm is almost dead.
You miss the kobold. The endoplasm closely misses you.
The kobold hits you with a +0 club.
You die...

## #( ##+### ##.
...... #.. #......
#.. .......
#..#...#... #K@J#
..# ..
########.###.###..
..........#...#...#
##.###..#...#...#.#
##...#...# ..#
##.###.###.##
####...#...#...####
#......#...#...#.#..
######...........#.#


You could see an endoplasm and a kobold.

Vanquished Creatures
  2 ball pythons (D:1)
  A goblin (D:1)
  A bat (D:1)
4 creatures vanquished.

Vanquished Creatures (others)
  3 plants (D:1)
3 creatures vanquished.

Grand Total: 7 creatures vanquished

Notes
Turn   | Place    | Note
-------+----------+-------------------------------------------
     0 | D:1      | Mickster the Gargoyle Berserker began the quest for the
                  | Orb.
     0 | D:1      | Reached XP level 1. HP: 14/14 MP: 1/1
   167 | D:1      | Slain by a kobold

Illustrated notes

Levels and vault maps discovered:
D:1:      lightli_arrival_flooded_house, layout_basic, serial_forest,
          infiniplex_forest_clump_tiny, infiniplex_forest_clump_small,
          infiniplex_forest_clump_curved, infiniplex_forest_lined_2,
          infiniplex_forest_side_room, infiniplex_forest_end_2,
          infiniplex_forest_end_3, minmay_gold_behind_fungi,
          minmay_misc_feat_four_crosses

Action                   || total
-------------------------++-------
Melee: Hand axe          ||    31
  Use: Potion            ||     1
Armor: Animal skin       ||    11
Dodge: Dodged            ||    21
